 Dungeon Crawl Stone Soup version 0.27-a0-789-g6bb3289e1e (webtiles) character file.

Game seed: 6899436616641883019

121 polve the Changer (level 4, 0/35 HPs)
             Began as a Draconian Transmuter on Mar 26, 2021.
             Slain by an orc
             ... wielding a +0 flail
              (8 damage)
             ... on level 2 of the Dungeon.
             The game lasted 00:02:25 (2351 turns).

polve the Changer (Draconian Transmuter)            Turns: 2351, Time: 00:02:26

Health: 0/35       AC:  6    Str: 13    XL:     4   Next: 76%
Magic:  6/7        EV: 12    Int: 14    God:
Gold:   45         SH:  0    Dex: 11    Spells: 1/7 levels left

rFire    + . .     SeeInvis .     - Unarmed
rCold    + . .     Faith    .   (no shield)
rNeg     . . .     Spirit   .   (armour unavailable)
rPois    +         Reflect  .   (helmet currently unavailable)
rElec    +         Harm     .   i - +0 cloak
rCorr    +         Rampage  .   (no gloves)
Will     .....                  (boots currently unavailable)
Stlth    +.........             (no amulet)
HPRegen  0.11/turn              (no ring)
MPRegen  0.10/turn              (no ring)

@: appendages, resistant, flying
A: horns 2, talons 2, AC +5, unfitting armour, cold-blooded
a: End Transformation


You were on level 2 of the Dungeon.
You had temporarily grown beastly horns and talons.
You visited 1 branch of the dungeon, and saw 3 of its levels.

You collected 45 gold pieces.

Inventory:

Armour
 i - a +0 cloak (worn)
Scrolls
 a - 2 scrolls of teleportation {unknown}
 c - a scroll of enchant weapon {unknown}
 e - a scroll of acquirement {unknown}
 f - a scroll of identify {unknown}
 g - a scroll of blinking {unknown}
 h - a scroll of enchant armour {unknown}


   Skills:
 - Level 1.1 Fighting
 - Level 1.7 Dodging
 - Level 3.0 Unarmed Combat
 - Level 2.0 Spellcasting
 + Level 5.0 Transmutations


You had one spell level left.
You knew the following spells:

 Your Spells              Type           Power      Damage    Failure   Level
a - Beastly Appendage     Tmut           30%        N/A       3%          1
b - Wereblood             Tmut           15%        N/A       4%          2
c - Spider Form           Tmut/Pois      4%         N/A       26%         3

Your spell library contained the following spells:

 Spells                   Type           Power      Damage    Failure   Level
 Ice Form                 Ice/Tmut       8%         N/A       63%         4
 Blade Hands              Tmut           7%         N/A       63%         5


Dungeon Overview and Level Annotations

Branches:
Dungeon (3/15)

Altars:
Kikubaaqudgha

Shops:
D:1 [


Innate Abilities, Weirdness & Mutations

You have temporarily grown beastly horns and talons.
Your plain brown scales are hard. (AC +5)
You cannot fit into any form of body armour.
You are cold-blooded and may be slowed by cold attacks.


Message History

You closely miss something. You tail-slap something.
Your punch misses something. Something hits you but does no damage.
You miss something.
Your tail-slap misses something.
Something hits you but does no damage.
You hit something but do no damage. You claw something. You headbutt something!
Reactivating autopickup.
You feel a bit more experienced.
Your Transmutations skill increases to level 5!
Things that are here:
a +0 vampiric dagger; a +0 robe Your transformation is almost over.
Your horns disappear.
Your talons disappear.
HP restored.
Done exploring.
Things that are here:
a +0 vampiric dagger; a +0 robe
There is a stone staircase leading down, spattered with blood here.
You climb downwards.
A bat comes into view.
The orc hits you with a +0 flail. The orc barely misses you.
There is a stone staircase leading up here.
The orc misses you. The orc hits you with a +0 hand axe.
The orc priest hits you with a +0 hand axe.
You climb upwards.
There is a stone staircase leading down, spattered with blood here.
The orc misses you. The orc barely misses you.
The orc priest calls down the wrath of Beogh upon you.
Beogh smites you!
* * * LOW HITPOINT WARNING * * *
It was a potion of resistance.
You feel protected.
It was a potion of flight.
You feel very buoyant.
You fly up into the air.
The orc completely misses you.
You are too injured to fight recklessly!
Casting: Beastly Appendage (safe; 3% risk of failure)
Confirm with . or Enter, or press ? or * to list all spells.
You grow a pair of large bovine horns.
Your feet morph into talons.
The orc hits you with a +0 flail!
You die...

#######...# #....#
#'.....# #....#
###########..#
########)...# ##.#.#'.##
#..# #...........#
..#.P....###..#
#........####
####PP....##..##
#.[......### #
##P+...##...# #........'.#
#####.###[o####........#.#
#....>oo@[.......###.#
#)##################.#
#)...................#
#..######################
#########..# #....
#..........# #.###
#.########.# #.#.. #.# #.#
#.#.# #.# #.# #.#.#


You could see an orc priest and 2 orcs.

Vanquished Creatures
  A centaur zombie (D:2)
  Crazy Yiuf (D:2)
  An orc wizard (D:2)
  A worm (D:2)
  A dart slug (D:2)
  3 endoplasms
  A giant cockroach (D:2)
  4 goblins
  3 kobolds
  4 quokkas
  3 ball pythons
  A bat (D:2)
  2 frilled lizards (D:1)
  6 rats
32 creatures vanquished.

Vanquished Creatures (others)
  A fungus (D:2)
1 creature vanquished.

Grand Total: 33 creatures vanquished

Notes
Turn   | Place    | Note
-------+----------+-------------------------------------------
     0 | D:1      | polve the Draconian Transmuter began the quest for the Orb.
     0 | D:1      | Reached XP level 1. HP: 16/16 MP: 3/3
   215 | D:1      | Reached XP level 2. HP: 19/23 MP: 5/5
   509 | D:1      | Reached skill level 3 in Transmutations
   562 | D:1      | Found Luonuq's Armour Emporium.
  1487 | D:2      | Reached XP level 3. HP: 27/28 MP: 6/6
  1649 | D:2      | Found an ancient bone altar of Kikubaaqudgha.
  1778 | D:2      | Reached skill level 4 in Transmutations
  1926 | D:2      | Learned a level 2 spell: Wereblood
  1930 | D:2      | Learned a level 3 spell: Spider Form
  2077 | D:2      | Found a runed translucent door.
  2078 | D:2      | Noticed Crazy Yiuf
  2098 | D:2      | Killed Crazy Yiuf
  2099 | D:2      | Reached XP level 4. HP: 35/35 MP: 3/7
  2167 | D:2      | Reached skill level 5 in Transmutations
  2351 | D:2      | Slain by an orc

Illustrated notes

Levels and vault maps discovered:
D:1:      dpeg_arrival_radiant, layout_basic, serial_shops,
          nicolae_shop_temple_entry_statues_fountains
D:2:      layout_basic, nicolae_overflow_crystal_walls, uniq_crazy_yiuf_cottage
D:3:      layout_loops_ring, grunt_temple_overflow_opulence, minitemple,
          overflow_temple_1_default

Skill      XL: |  1  2  3  4 |
---------------+-------------+-----
Transmutations | 3 4 5 |  5.0
Fighting       | |  1.1
Dodging        | |  1.7
Unarmed Combat | |  3.0
Spellcasting   | |  2.0

Action                   |  1- 3 |  4- 6 || total
-------------------------+-------+-------++-------
Melee: Unarmed           |    92 |    10 ||   102
       Tailslap          |     8 |     3 ||    11
       Kick              |     9 |     2 ||    11
       Headbutt          |     5 |     2 ||     7
       Punch             |     2 |       ||     2
 Cast: Beastly Appendage |    16 |     2 ||    18
       Spider Form       |     1 |       ||     1
  Use: Potion            |       |     2 ||     2
 Stab: Sleeping          |     1 |       ||     1
Armor: Skin              |    20 |     6 ||    26
Dodge: Dodged            |    59 |    12 ||    71

Table legend: (Time is in decaauts)
 A = Elapsed time spent in this place.
 B = Non-inter-level travel time spent in this place.
 C = Inter-level travel time spent in this place.
 D = Time resting spent in this place.
 E = Time spent auto-exploring this place.
 F = Levels seen in this place.
 G = Mean time per level.
                   A        B        C        D        E       F      G
               +--------+--------+--------+--------+--------+-----+--------+
         Total |   2348 |   2327 |     21 |     18 |   2072 |   3 |  782.7 |
       Dungeon |   2348 |   2327 |     21 |     18 |   2072 |   3 |  782.7 |
               +--------+--------+--------+--------+--------+-----+--------+

Top non-repeatable levels by time:
     D:2: 1432 daAuts
     D:1: 907 daAuts
     D:3: 8 daAuts
